[Event "Titled Tuesday Blitz April 19 Late 2022"]
[White "Chigaev, Maksim"]
[Black "Salem, A.R. Saleh"]
[WhiteFideId "4108116"]
[BlackFideId "9301348"]
[WhiteElo "2478"]
[BlackElo "2657"]
[Result "1-0"]
[Round "05"]
[TimeControl "180+1"]
[Date "2022.04.19"]
[WhiteClock "0:00:09"]
[BlackClock "0:00:01"]

1. e4 c5 2. Nf3 d6 3. d4 cxd4 4. Nxd4 Nf6 5. Nc3 a6 6. Bc4 e6 7. Be3 b5 8. Bb3 Be7 9. f3 O-O 10. a3 Bd7 11. Qe2 Nc6 12. O-O-O Rb8 13. g4 b4 14. axb4 Rxb4 15. h4 Qa5 16. Kb1 Rfb8 17. h5 Nxd4 18. Rxd4 Rxd4 19. Bxd4 e5 20. Be3 Be6 21. g5 Bxb3 22. cxb3 Nd7 23. Qc4 g6 24. hxg6 hxg6 25. Nd5 Qd8 26. Qc2 Bf8 27. Qh2 Bg7 28. b4 a5 29. bxa5 Qxa5 30. Ne7+ Kf8 31. Nc6 Qb5 32. Nxb8 Nxb8 33. Qc2 Nc6 34. Rd1 Ke7 35. Qd3 Qb4 36. Bd2 Qa4 37. Bc3 Nd4 38. Bxd4 exd4 39. f4 Qd7 40. Rc1 Kf8 41. f5 gxf5 42. exf5 Be5 43. f6 Qg4 44. Qh7 Ke8 45. Qg8+ Kd7 46. Qc8# 1-0


[Site "https://www.chess.com"]

[Event "Titled Tuesday Blitz April 19 Late 2022"]
[White "Constantinou, Peter"]
[Black "Potapova, Margarita"]
[WhiteFideId "413038"]
[BlackFideId "14126869"]
[WhiteElo "2230"]
[BlackElo "2216"]
[Result "0-1"]
[Round "05"]
[TimeControl "180+1"]
[Date "2022.04.19"]
[WhiteClock "0:00:17"]
[BlackClock "0:00:24"]

1. e4 c5 2. Nf3 d6 3. Bb5+ Bd7 4. Bxd7+ Qxd7 5. c4 Nc6 6. Nc3 g6 7. O-O Bg7 8. d3 Nf6 9. Rb1 O-O 10. a3 Ne8 11. Be3 Rc8 12. Qd2 Nc7 13. d4 cxd4 14. Nxd4 Ne6 15. Nxe6 Qxe6 16. b3 Rfd8 17. Rfc1 Bxc3 18. Qxc3 Qxe4 19. Re1 Qe5 20. Qd3 Qf5 21. Qc3 Qe5 22. Qd3 Qf5 23. Qc3 a6 24. Rbd1 e5 25. Bb6 Rd7 26. Rd2 Qe6 27. Red1 Ne7 28. Qf3 d5 29. h4 Qxb6 30. cxd5 Nf5 31. h5 Nd4 32. Qg4 Rcd8 33. h6 Qf6 34. Rd3 Qf5 35. Qh4 Qh5 36. Qf6 Qxh6 37. Qxe5 Nf5 38. d6 Qg7 39. Qf4 h5 40. f3 Qh6 41. Qe5 h4 42. Rd5 Qe3+ 43. Kh2 Qxe5+ 44. Rxe5 Rxd6 45. Rc1 Rc6 46. Rce1 Kg7 47. b4 Rd2 48. b5 Rcc2 49. Rg1 a5 0-1


[Site "https://www.chess.com"]

[Event "Titled Tuesday Blitz April 19 Late 2022"]
[White "Czopor, Maciej"]
[Black "Avramidou, Anastasia"]
[WhiteFideId "21805431"]
[BlackFideId "4239873"]
[WhiteElo "1999"]
[BlackElo "2183"]
[Result "1-0"]
[Round "05"]
[TimeControl "180+1"]
[Date "2022.04.19"]
[WhiteClock "0:00:08"]
[BlackClock "0:00:18"]

1. d4 Nf6 2. c4 e6 3. g4 d5 4. g5 Ne4 5. Bg2 Bb4+ 6. Kf1 O-O 7. h4 f6 8. Qb3 c5 9. cxd5 Qxd5 10. Qc2 f5 11. a3 Ba5 12. Qxc5 Qxc5 13. dxc5 Nxc5 14. Nc3 Nb3 15. Rb1 Nc6 16. Nf3 e5 17. Nd2 Nxc1 18. Rxc1 e4 19. Nc4 Bxc3 20. Rxc3 Be6 21. f3 Rad8 22. Kf2 Rd4 23. Rhc1 Rfd8 24. fxe4 fxe4 25. Ke3 h6 26. gxh6 gxh6 27. Bxe4 R4d7 28. Bxc6 bxc6 29. Rg1+ Kh8 30. Ne5 Re7 31. Ng6+ Kh7 32. Nxe7 Re8 33. Nxc6 Bd5+ 34. Kd2 Re6 35. Nd4 Rd6 36. e3 Be4 37. Rc5 h5 38. Rc7+ Kh6 39. Rxa7 Rd5 40. Re7 Bh7 41. Re6+ 1-0


[Site "https://www.chess.com"]

[Event "Titled Tuesday Blitz April 19 Late 2022"]
[White "Dauner, Benedikt"]
[Black "Karttunen, Mika"]
[WhiteFideId "16225899"]
[BlackFideId "502081"]
[WhiteElo "2230"]
[BlackElo "2343"]
[Result "1-0"]
[Round "05"]
[TimeControl "180+1"]
[Date "2022.04.19"]
[WhiteClock "0:00:15"]
[BlackClock "0:00:04"]

1. b3 e5 2. Bb2 d6 3. d4 Nd7 4. dxe5 dxe5 5. Nf3 f6 6. e4 Nb6 7. Nbd2 Be6 8. Bb5+ c6 9. Bd3 Bc5 10. O-O Ne7 11. Qe2 Ng6 12. g3 Qe7 13. Nc4 h5 14. h4 Bg4 15. Ne3 Nf8 16. Nxg4 hxg4 17. Nh2 g5 18. h5 Rxh5 19. Nxg4 O-O-O 20. Kg2 Rh8 21. Qf3 Nbd7 22. Rh1 Ne6 23. Rxh8 Rxh8 24. Rh1 Rxh1 25. Kxh1 b5 26. Kg2 Kb7 27. Qf5 a6 28. Qf3 Bb6 29. c3 Bc5 30. Bc2 Bb6 31. Bc1 Bc5 32. Nh6 Qh7 33. Nf5 Kc7 34. b4 Bb6 35. a4 Nb8 36. a5 Ba7 37. Be3 Bxe3 38. Qxe3 c5 39. Bb3 Qd7 40. Bxe6 Qxe6 41. Qxc5+ Kd7 42. Qa7+ Kc8 43. Ne7+ Kd8 44. Nd5 Qd6 45. Nxf6 Qxf6 46. Qxb8+ Kd7 47. Qb7+ Kd8 48. Qd5+ Kc7 49. f3 g4 50. fxg4 Qg5 51. Qd3 Qxg4 52. Qf3 Qg5 53. Qe2 Qg6 54. c4 bxc4 55. Qxc4+ Kb8 56. b5 axb5 57. Qxb5+ Kc7 58. Qxe5+ Kc6 59. Qd5+ Kc7 60. Qc5+ Kd7 61. Qf5+ 1-0


[Site "https://www.chess.com"]

[Event "Titled Tuesday Blitz April 19 Late 2022"]
[White "Debray, Christopher"]
[Black "Wieczorek, Oskar"]
[WhiteFideId "630810"]
[BlackFideId "1133950"]
[WhiteElo "2377"]
[BlackElo "2319"]
[Result "0-1"]
[Round "05"]
[TimeControl "180+1"]
[Date "2022.04.19"]
[WhiteClock "0:02:52"]
[BlackClock "0:02:59"]

1. d4 Nf6 2. c4 c5 3. Nf3 cxd4 4. Nxd4 g6 5. Nc3 Nc6 6. g3 d6 7. Bg2 Bd7 8. O-O h5 9. h3 Bg7 10. Bg5 Qc8 11. Kh2 Nxd4 12. Qxd4 Ng4+ 0-1


[Site "https://www.chess.com"]

[Event "Titled Tuesday Blitz April 19 Late 2022"]
[White "Derraugh, Geordie"]
[Black "Pinheiro, Iung Alicio de O."]
[WhiteFideId "2603950"]
[BlackFideId "2104350"]
[WhiteElo "2116"]
[BlackElo "2591"]
[Result "0-1"]
[Round "05"]
[TimeControl "180+1"]
[Date "2022.04.19"]
[WhiteClock "0:00:03"]
[BlackClock "0:00:14"]

1. e4 c5 2. Nf3 Nc6 3. Bb5 e6 4. Bxc6 bxc6 5. O-O Ne7 6. Re1 Ng6 7. d4 cxd4 8. Qxd4 e5 9. Nxe5 Qb6 10. Qxb6 axb6 11. Nxg6 hxg6 12. Nc3 Bd6 13. e5 Bb4 14. Bd2 Rh5 15. Re3 Ba6 16. Ne4 Be7 17. Bc3 Bc4 18. a3 Bd5 19. Rd1 Kf8 20. Ng3 Rh4 21. Ne2 g5 22. g3 Rh3 23. Nd4 g6 24. Nf3 g4 25. Ne1 Kg7 26. e6+ Bf6 27. Bxf6+ Kxf6 28. exd7 Rd8 29. Red3 Ke7 30. c4 Be6 31. b4 Bxc4 32. Re3+ Be6 33. Ng2 g5 34. Re5 f6 35. Re4 Rxd7 36. Rde1 Rd6 37. Ne3 Kf7 38. Nxg4 Rh8 39. Ne3 Rhd8 40. g4 Rd4 41. Rxd4 Rxd4 42. h3 Rd3 43. Ra1 b5 44. Kf1 Rb3 45. Ke2 Ke7 46. Kf3 Kd6 47. Ke2 Ke5 48. Rc1 Bd7 49. Nc2 Rxh3 50. Rd1 Bxg4+ 51. f3 Bxf3+ 52. Kf2 Bxd1 0-1


[Site "https://www.chess.com"]

[Event "Titled Tuesday Blitz April 19 Late 2022"]
[White "Dubov, Daniil"]
[Black "Ivanisevic, Ivan"]
[WhiteFideId "24126055"]
[BlackFideId "912417"]
[WhiteElo "2791"]
[BlackElo "2495"]
[Result "1-0"]
[Round "05"]
[TimeControl "180+1"]
[Date "2022.04.19"]
[WhiteClock "0:00:17"]
[BlackClock "0:00:01"]

1. e4 e5 2. Nf3 Nc6 3. Bc4 d6 4. d3 Na5 5. Nc3 Be7 6. Be3 c6 7. a4 Nxc4 8. dxc4 Be6 9. Qe2 Nf6 10. O-O O-O 11. Rfd1 Nd7 12. b3 h6 13. h3 a6 14. Rd2 Qe8 15. Rad1 f5 16. exf5 Bxf5 17. Nh2 Qg6 18. Kh1 Rf7 19. Nf1 Nf6 20. Ng3 Bd7 21. Qd3 Qxd3 22. cxd3 b5 23. d4 exd4 24. Bxd4 bxc4 25. bxc4 Be6 26. Bxf6 Bxf6 27. Rxd6 Bxc4 28. Nce4 Be5 29. Rxc6 Bb3 30. Rd3 Bxa4 31. Rc5 Bxg3 32. Rxg3 Bd7 33. Ra5 Rf5 34. Rga3 Rxa5 35. Rxa5 Bc6 36. Nc5 Bb5 37. Ne4 Bc6 38. Nd6 Kf8 39. Rc5 Bd7 40. Re5 a5 41. Nc4 a4 42. Nb6 Ra7 43. Nxd7+ Rxd7 44. Ra5 Rd2 45. f4 Rd4 46. g3 Kf7 47. Kg2 Kf6 48. h4 g6 49. h5 gxh5 50. Rxh5 Kg6 51. Ra5 Rb4 52. Kh3 Kf6 53. Ra6+ Kg7 54. Kg4 Rc4 55. Kh5 Rc5+ 56. Kh4 Rc4 57. Kg4 Rb4 58. Ra5 Rc4 59. Kh5 Rc3 60. Ra7+ Kf6 61. Ra6+ Kf5 62. Kh4 a3 63. Rxh6 Rc1 64. Rh5+ Ke4 65. Ra5 Ra1 66. Kg5 a2 67. g4 Kd3 68. f5 Kc3 69. f6 Kb3 70. Kg6 Rf1 71. f7 Kb2 72. Kg7 a1=Q 73. Rxa1 Kxa1 74. f8=Q Rxf8 75. Kxf8 Kb2 76. g5 Kc3 77. g6 Kd4 78. g7 Ke5 79. g8=Q Kf6 80. Qd5 Kg6 81. Qe5 Kh7 82. Kf7 1-0


[Site "https://www.chess.com"]

[Event "Titled Tuesday Blitz April 19 Late 2022"]
[White "Esipenko, Andrey"]
[Black "Bordi, Kevin"]
[WhiteFideId "24175439"]
[BlackFideId "621862"]
[WhiteElo "2617"]
[BlackElo "2719"]
[Result "1-0"]
[Round "05"]
[TimeControl "180+1"]
[Date "2022.04.19"]
[WhiteClock "0:00:15"]
[BlackClock "0:00:17"]

1. d4 d5 2. Nf3 Nf6 3. c4 c6 4. Qc2 g6 5. e3 Bf5 6. Qb3 Qb6 7. Nc3 Bg7 8. Be2 O-O 9. O-O Nbd7 10. h3 Qxb3 11. axb3 Bc2 12. Ra3 a6 13. Bd2 Ne4 14. Nxe4 Bxe4 15. Ng5 Nf6 16. Rc1 Rac8 17. Raa1 h6 18. Nxe4 Nxe4 19. Be1 e6 20. b4 dxc4 21. Bxc4 Rfd8 22. Be2 Nd6 23. Rc2 h5 24. g3 Nf5 25. Bc3 Bf8 26. Kg2 Rd7 27. g4 Ne7 28. gxh5 gxh5 29. Bxh5 Nd5 30. Ra4 Be7 31. Bf3 f5 32. Bd2 Kf7 33. Kf1 Rh8 34. Bg2 Rg8 35. Rc1 Bd6 36. Bf3 Rh8 37. Bg2 Rg8 38. Bxd5 exd5 39. Ke2 Kf6 40. Raa1 Rh7 41. Rh1 Rgh8 42. Rag1 Rxh3 43. Rxh3 Rxh3 44. Rg8 Rh7 45. Kd3 Rg7 46. Rh8 Ke6 47. Rh6+ Ke7 48. f3 Rf7 49. Be1 Kd7 50. Rg6 Bf8 51. Kc3 Re7 52. Bf2 Re6 53. Rg5 Bh6 54. Rxf5 Bxe3 55. Bg3 Bh6 56. Be5 Re7 57. f4 Rh7 58. Rh5 Ke6 59. f5+ Kf7 60. Kd3 Ke7 61. Bf4 1-0


[Site "https://www.chess.com"]

[Event "Titled Tuesday Blitz April 19 Late 2022"]
[White "Ezat, Mohamed"]
[Black "Suleymanli, Aydin"]
[WhiteFideId "10600906"]
[BlackFideId "13413937"]
[WhiteElo "2386"]
[BlackElo "2481"]
[Result "0-1"]
[Round "05"]
[TimeControl "180+1"]
[Date "2022.04.19"]
[WhiteClock "0:00:22"]
[BlackClock "0:00:28"]

1. d4 Nf6 2. c4 e6 3. Nc3 Bb4 4. e3 c5 5. a3 Bxc3+ 6. bxc3 Qa5 7. Bd2 b6 8. Bd3 Ba6 9. Ne2 d5 10. O-O Nbd7 11. Nf4 Bxc4 12. Bxc4 dxc4 13. Qf3 O-O 14. Rfd1 e5 15. Nd5 e4 16. Nxf6+ Nxf6 17. Qe2 Qa4 18. f3 Rfe8 19. Be1 exf3 20. Qxf3 Rac8 21. d5 Ne4 22. d6 Rcd8 23. Qf4 Qc6 24. a4 Rxd6 25. a5 Rf6 26. Qg4 Rg6 27. Qf3 b5 28. a6 h5 29. Rab1 h4 30. h3 Qxa6 31. Rd7 Qe6 32. Rbd1 Ng5 33. Qh5 Nxh3+ 34. Kh1 Qe4 35. R1d2 Qxe3 36. Kh2 Qg1+ 37. Kxh3 Qh1# 0-1


[Site "https://www.chess.com"]

[Event "Titled Tuesday Blitz April 19 Late 2022"]
[White "Fedoseev, Vladimir"]
[Black "Dobrov, Vladimir"]
[WhiteFideId "24130737"]
[BlackFideId "4136594"]
[WhiteElo "2726"]
[BlackElo "2575"]
[Result "0-1"]
[Round "05"]
[TimeControl "180+1"]
[Date "2022.04.19"]
[WhiteClock "0:00:03"]
[BlackClock "0:00:05"]

1. d4 Nf6 2. Bf4 e6 3. Nf3 c5 4. e3 d5 5. Nbd2 Nc6 6. c3 Nh5 7. Bg5 Qb6 8. Rb1 h6 9. Bh4 g5 10. Ng1 Ng7 11. Bg3 Nf5 12. Bd3 Nxg3 13. hxg3 Bg7 14. Ne2 Bd7 15. f4 O-O-O 16. a3 Kb8 17. b4 cxd4 18. cxd4 Ne7 19. Nb3 Ba4 20. Nc3 Bxb3 21. Rxb3 Nf5 22. Bxf5 exf5 23. Qd3 Rhe8 24. Kd2 Qg6 25. Ne2 Re4 26. Rc1 Rde8 27. Qc2 Qd6 28. Rc3 Qe6 29. Qd3 a6 30. b5 a5 31. b6 a4 32. Rb1 Bf8 33. Ng1 Bd6 34. Nf3 f6 35. fxg5 hxg5 36. Ne1 f4 37. gxf4 gxf4 38. Nc2 fxe3+ 39. Kc1 e2 40. Kb2 e1=Q 41. Nxe1 Rxe1 42. Rxe1 Qxe1 43. Rc2 Qe4 44. Qb5 Qxd4+ 45. Ka2 Rd8 46. Qa5 Bc5 47. Rxc5 Qf2+ 48. Kb1 Qf1+ 49. Kb2 Qa6 50. Qb4 Qe2+ 51. Rc2 Qe5+ 52. Ka2 d4 53. Qxa4 Qe6+ 54. Ka1 Qxb6 55. Rb2 Qc7 56. Qd1 d3 57. Qd2 Qc4 58. Rb4 Qc5 59. Qf4+ Qe5+ 0-1


[Site "https://www.chess.com"]

[Event "Titled Tuesday Blitz April 19 Late 2022"]
[White "Golubev, Mikhail"]
[Black "Romero Ruscalleda, Josep"]
[WhiteFideId "14100983"]
[BlackFideId "2231859"]
[WhiteElo "2374"]
[BlackElo "2310"]
[Result "1-0"]
[Round "05"]
[TimeControl "180+1"]
[Date "2022.04.19"]
[WhiteClock "0:01:55"]
[BlackClock "0:02:09"]

1. e4 g6 2. d4 Bg7 3. c4 d6 4. Nc3 e5 5. dxe5 dxe5 6. Qxd8+ Kxd8 7. f4 Nd7 8. Nf3 exf4 9. Bxf4 Bxc3+ 10. bxc3 f6 11. O-O-O c6 12. c5 Ke7 13. Bd6+ Kf7 14. Bc4+ Kg7 15. e5 Nxe5 16. Nxe5 fxe5 17. Bxe5+ Nf6 18. Rhf1 Rf8 19. Rxf6 Rxf6 20. Rd6 Bf5 21. Rxf6 Kh6 22. Rf7 Re8 23. Bf4+ Kh5 24. h3 g5 25. Rxf5 1-0


[Site "https://www.chess.com"]

[Event "Titled Tuesday Blitz April 19 Late 2022"]
[White "Goncalves, Ivan Mesquita V"]
[Black "Wagner, Dinara"]
[WhiteFideId "2114224"]
[BlackFideId "24157570"]
[WhiteElo "2299"]
[BlackElo "2216"]
[Result "0-1"]
[Round "05"]
[TimeControl "180+1"]
[Date "2022.04.19"]
[WhiteClock "0:00:04"]
[BlackClock "0:00:20"]

1. c4 Nf6 2. Nc3 e5 3. g3 Bb4 4. Bg2 O-O 5. Nd5 Nxd5 6. cxd5 d6 7. e3 Bf5 8. Ne2 Nd7 9. a3 Bc5 10. b4 Bb6 11. O-O a5 12. Bb2 Bd3 13. Re1 f5 14. Qb3 Bxe2 15. Rxe2 f4 16. exf4 exf4 17. Bh3 fxg3 18. Be6+ Kh8 19. Qxg3 Ne5 20. Kh1 Qf6 21. Rg1 axb4 22. Rxe5 Bxf2 23. Qxg7+ Qxg7 24. Rxg7 Kxg7 25. Re3+ Kg6 26. Rd3 bxa3 27. Bxa3 Bc5 28. Bb2 Bf2 29. Kg2 Ra4 30. Bd7 Rb4 31. Bc3 Rbf4 32. Rh3 Bh4 33. Re3 Rf2+ 34. Kh3 Bf6 35. Rg3+ Bg5 36. Be6 R2f3 37. Kg4 Rxg3+ 38. Kxg3 h5 39. h3 h4+ 40. Kg4 Rf4# 0-1


[Site "https://www.chess.com"]

[Event "Titled Tuesday Blitz April 19 Late 2022"]
[White "Goryachkina, Aleksandra"]
[Black "Ozdemir, Serhan Berat"]
[WhiteFideId "4147103"]
[BlackFideId "6374611"]
[WhiteElo "2426"]
[BlackElo "1920"]
[Result "1/2-1/2"]
[Round "05"]
[TimeControl "180+1"]
[Date "2022.04.19"]
[WhiteClock "0:00:10"]
[BlackClock "0:00:05"]

1. e4 c5 2. Nf3 e6 3. c3 d5 4. exd5 exd5 5. d4 Nf6 6. Bb5+ Nc6 7. O-O Be7 8. Bg5 O-O 9. dxc5 Bxc5 10. Bxf6 Qxf6 11. Qxd5 Bb6 12. Nbd2 Be6 13. Qg5 Qxg5 14. Nxg5 Rfd8 15. Ngf3 Ne5 16. Rfe1 Nd3 17. Bxd3 Rxd3 18. Nb3 Rd7 19. Nbd4 Bd5 20. Re2 f6 21. a3 Rad8 22. Rae1 Kf7 23. h3 g6 24. Ne6 Rc8 25. Nf4 Bc4 26. Rd2 Rxd2 27. Nxd2 Ba2 28. Nf3 Rd8 29. g3 g5 30. Ng2 Bd5 31. Nd4 Bxd4 32. cxd4 Bxg2 33. Kxg2 Rxd4 34. Rc1 Rd7 35. Kf3 Ke6 36. Re1+ Kf7 37. Rc1 Ke6 38. g4 Rd3+ 39. Kg2 Kd6 40. Rc2 b6 41. Re2 a5 42. Rc2 b5 43. f3 b4 44. axb4 axb4 45. Kg3 Kd5 46. Rc8 Rb3 47. Rc7 Rxb2 48. Rxh7 Ke5 49. Rb7 b3 50. Rb4 Rb1 51. h4 gxh4+ 52. Kxh4 Kd5 53. Kg3 b2 54. Kg2 Kc5 55. Rb8 Kc4 56. Kh2 Kd3 57. Kg2 Kd2 58. Rd8+ Kc2 59. Rc8+ Kd3 60. Rd8+ Ke3 61. Re8+ Kf4 62. Rb8 f5 63. gxf5 Kxf5 64. Rb7 Ke5 65. Rb8 Kd6 66. Rb7 Kc6 67. Rb8 Kc5 68. Rc8+ Kb5 69. Rb8+ Kc4 70. Rc8+ Kb3 71. Rb8+ Ka2 72. Ra8+ Kb3 73. Rb8+ Kc4 74. Rc8+ Kd3 75. Rd8+ Ke2 76. Re8+ Kd3 77. Rd8+ Ke3 78. Re8+ Kf4 79. Rf8+ Ke5 80. Re8+ Kf6 81. Rb8 Ke7 82. Rb7+ Kd6 83. Rb8 Kc7 84. Rb4 Kc6 85. Rb8 Kc7 86. Rb4 Kc6 1/2-1/2


[Site "https://www.chess.com"]

[Event "Titled Tuesday Blitz April 19 Late 2022"]
[White "Hambleton, Aman"]
[Black "Petesch, Gabriel"]
[WhiteFideId "2606577"]
[BlackFideId "2032465"]
[WhiteElo "2552"]
[BlackElo "2374"]
[Result "1-0"]
[Round "05"]
[TimeControl "180+1"]
[Date "2022.04.19"]
[WhiteClock "0:00:04"]
[BlackClock "0:00:06"]

1. d4 d5 2. c4 c6 3. Nc3 Nf6 4. e3 g6 5. Nf3 Bg7 6. Be2 dxc4 7. Bxc4 O-O 8. O-O b6 9. e4 Bb7 10. Qe2 e6 11. Rd1 Nbd7 12. Bg5 h6 13. Bh4 Qc7 14. Bg3 Qd8 15. h3 Re8 16. Rac1 Rc8 17. e5 Nd5 18. Ne4 Rc7 19. Nd6 Rf8 20. Bh4 Nf4 21. Bxd8 Nxe2+ 22. Bxe2 Rxd8 23. Nxb7 Rxb7 24. Rxc6 Nb8 25. Rc2 h5 26. Bd3 Bh6 27. Be4 Rbd7 28. Rd3 Na6 29. a3 Nc7 30. Rdc3 Nb5 31. Bc6 Nxd4 32. Bxd7 Nxc2 33. Rxc2 Rxd7 34. Kf1 Kf8 35. Ke2 Ke7 36. Rc4 Bg7 37. Ke3 Rd5 38. Ke4 f5+ 39. exf6+ Bxf6 40. b3 a5 41. a4 b5 42. Rc6 bxa4 43. bxa4 Kd7 44. Ra6 Bc3 45. g3 g5 46. g4 hxg4 47. hxg4 Ke7 48. Ra7+ Kf6 49. Rc7 Bb4 50. Rc6 Rd1 51. Nd4 Ra1 52. Rxe6+ Kf7 53. Ra6 Rxa4 54. Kf5 Be7 55. Ne6 Ra2 56. f3 Ra3 57. Nd4 Rd3 58. Ke4 Ra3 59. Ra7 Ra4 60. Kd5 Kf6 61. Ra6+ Kf7 62. Ra7 Kf6 63. Nf5 Bf8 64. Ra6+ Kf7 65. Ke5 Ra1 66. Ra7+ Ke8 67. Kf6 a4 68. Ra8+ Kd7 69. Rxf8 a3 70. Ra8 Kc6 71. Kxg5 Kb7 72. Ra4 Kb6 73. f4 Kb5 74. Ra8 Kb4 75. Nd4 Rd1 76. Nc2+ Kb3 77. Nxa3 Rd7 78. f5 Rg7+ 79. Kf4 1-0


[Site "https://www.chess.com"]

[Event "Titled Tuesday Blitz April 19 Late 2022"]
[White "Hasangatin, Ramil"]
[Black "Shimanov, Aleksandr"]
[WhiteFideId "4122160"]
[BlackFideId "4198603"]
[WhiteElo "2375"]
[BlackElo "2636"]
[Result "0-1"]
[Round "05"]
[TimeControl "180+1"]
[Date "2022.04.19"]
[WhiteClock "0:00:07"]
[BlackClock "0:00:59"]

1. e4 d5 2. exd5 Qxd5 3. Nf3 Bg4 4. Be2 Nc6 5. d4 O-O-O 6. Be3 e5 7. c4 Qa5+ 8. Bd2 Bb4 9. d5 Bxf3 10. Bxf3 Nd4 11. Nc3 Qa6 12. b3 Qa5 13. Rc1 f5 14. O-O Nf6 15. g3 Rhe8 16. Bg2 Kb8 17. Re1 h6 18. Nb1 Bxd2 19. Qxd2 Qxd2 20. Nxd2 c6 21. dxc6 bxc6 22. Nf1 e4 23. Ne3 g5 24. Nc2 c5 25. Ne3 f4 26. Nd5 Nxd5 27. cxd5 f3 28. Bf1 Rxd5 29. Bc4 Rde5 30. Kf1 R8e7 31. Rb1 a5 32. a3 Ka7 33. b4 Nc2 34. Red1 e3 35. Rd6 e2+ 0-1


[Site "https://www.chess.com"]

[Event "Titled Tuesday Blitz April 19 Late 2022"]
[White "Hnydiuk, Aleksander"]
[Black "Kazakouski, Valery"]
[WhiteFideId "1109057"]
[BlackFideId "13507443"]
[WhiteElo "2374"]
[BlackElo "2524"]
[Result "0-1"]
[Round "05"]
[TimeControl "180+1"]
[Date "2022.04.19"]
[WhiteClock "0:00:02"]
[BlackClock "0:00:05"]

1. Nf3 Nf6 2. c4 e6 3. g3 d5 4. d4 dxc4 5. Bg2 Bd7 6. Ne5 Bc6 7. Nxc6 Nxc6 8. Qa4 Qd7 9. O-O Nb4 10. Qxd7+ Kxd7 11. Na3 c5 12. Rd1 c3 13. bxc3 Nbd5 14. Bb2 cxd4 15. cxd4 Bxa3 16. Bxa3 Rac8 17. Rd2 Rc4 18. e4 Nc3 19. d5 exd5 20. exd5 Re8 21. Bh3+ Kd8 22. d6 Nfe4 23. Rd3 Nc5 24. Rf3 f6 25. Bf1 Ne2+ 26. Kg2 Rc2 27. Rd1 Re5 28. d7 Rxa2 29. Bxc5 Rxc5 30. Re3 Re5 31. Red3 Re7 32. Kf3 Ng1+ 33. Kg2 Ne2 34. Kf3 g5 35. h3 h5 36. Re3 Rxe3+ 37. Kxe3 Nc3 38. Rd3 Na4 39. Bg2 Nc5 40. Rd1 b6 41. Bf3 Ra3+ 42. Ke2 h4 43. gxh4 gxh4 44. Bg4 Ra4 45. Kf1 Re4 46. Rd5 Re7 47. Rh5 Nxd7 48. Rxh4 Ne5 49. Rh8+ Kc7 0-1


[Site "https://www.chess.com"]

[Event "Titled Tuesday Blitz April 19 Late 2022"]
[White "Holt, Conrad"]
[Black "Herrera Reyes, Jose Antonio"]
[WhiteFideId "2034387"]
[BlackFideId "2274914"]
[WhiteElo "2586"]
[BlackElo "2361"]
[Result "1-0"]
[Round "05"]
[TimeControl "180+1"]
[Date "2022.04.19"]
[WhiteClock "0:00:08"]
[BlackClock "0:00:05"]

1. d4 Nf6 2. c4 c5 3. d5 b5 4. Nf3 g6 5. Nfd2 Bg7 6. e4 a6 7. e5 Ng8 8. Nf3 d6 9. cxb5 dxe5 10. Nc3 Nd7 11. Be2 Ngf6 12. O-O O-O 13. Be3 Qa5 14. Nd2 axb5 15. Nb3 Qb6 16. Bxb5 Bb7 17. a4 Rfd8 18. a5 Qc7 19. a6 Bc8 20. Qf3 e4 21. Qf4 Qb6 22. Na5 Bxa6 23. Nc4 Qb7 24. Bc6 Qb4 25. Ra4 Qb3 26. Rfa1 Rab8 27. R1a3 Qc2 28. Rxa6 Rb4 29. Ra8 Nb8 30. Qc7 Rf8 31. Nd2 Rxb2 32. h3 Ne8 33. Bxe8 Rxe8 34. d6 exd6 35. Nd5 Qc1+ 36. Kh2 Be5+ 37. Bf4 Qxd2 38. Bxe5 Qxd5 39. Bxb2 e3 40. Qxb8 Qe6 41. Qxe8+ 1-0


[Site "https://www.chess.com"]

[Event "Titled Tuesday Blitz April 19 Late 2022"]
[White "Ibadov, Dashgyn"]
[Black "Ostrovskiy, Aleksandr"]
[WhiteFideId "24107514"]
[BlackFideId "2034239"]
[WhiteElo "2138"]
[BlackElo "2340"]
[Result "1-0"]
[Round "05"]
[TimeControl "180+1"]
[Date "2022.04.19"]
[WhiteClock "0:00:23"]
[BlackClock "0:00:19"]

1. e4 d5 2. exd5 Nf6 3. Nf3 Bg4 4. Be2 Qxd5 5. Nc3 Qf5 6. h3 Bxf3 7. Bxf3 Nc6 8. Bxc6+ bxc6 9. O-O e6 10. d3 h5 11. Qe2 g5 12. Ne4 g4 13. Nxf6+ Qxf6 14. Qe4 Kd7 15. Qf4 Qxf4 16. Bxf4 gxh3 17. gxh3 Bd6 18. Be3 a5 19. a4 Rab8 20. b3 Rb4 21. d4 Ke7 22. Kg2 Rg8+ 23. Kf3 Rbb8 24. Rg1 Kf6 25. Bd2 Rxg1 26. Rxg1 Bb4 27. Bg5+ Kf5 28. Bf4 f6 29. Bxc7 Rb7 30. Bf4 Rd7 31. Be3 Bc3 32. Rg8 Bxd4 33. Rh8 Bxe3 34. Kxe3 Kg5 35. f4+ Kh4 36. Rh6 Rf7 37. Ke4 c5 38. Rh8 Rd7 39. Rh6 Rd2 40. Rxf6 Rxc2 41. Rxe6 Kxh3 42. f5 Re2+ 43. Kd5 Rf2 44. f6 Rf5+ 45. Kd6 Rf3 46. Ke7 Rxb3 47. f7 Rb7+ 48. Ke8 Rb8+ 49. Ke7 Rb7+ 50. Kf6 Rb1 51. f8=Q Rf1+ 52. Ke7 Rxf8 53. Kxf8 h4 54. Rc6 Kg2 55. Rxc5 h3 56. Rd5 h2 57. Rg5+ Kf2 58. Rh5 Kg2 59. Ke7 h1=Q 60. Rxh1 Kxh1 61. Kd6 Kg2 62. Kc5 Kf3 63. Kb5 Ke4 64. Kxa5 Kd5 65. Kb6 Kd6 66. a5 Kd7 67. Kb7 Kd6 68. a6 Kc5 69. a7 Kb5 70. a8=Q Kc5 71. Qc8+ 1-0


[Site "https://www.chess.com"]

[Event "Titled Tuesday Blitz April 19 Late 2022"]
[White "Ibarra Jerez, Jose Carlos"]
[Black "Andreikin, Dmitry"]
[WhiteFideId "2226332"]
[BlackFideId "4158814"]
[WhiteElo "2626"]
[BlackElo "2736"]
[Result "0-1"]
[Round "05"]
[TimeControl "180+1"]
[Date "2022.04.19"]
[WhiteClock "0:00:03"]
[BlackClock "0:00:10"]

1. e4 c5 2. Nc3 a6 3. g4 b5 4. Bg2 Bb7 5. d3 e6 6. Nh3 Ne7 7. O-O Ng6 8. f4 Nh4 9. Bh1 Nc6 10. g5 Nd4 11. Rf2 h6 12. gxh6 Rxh6 13. f5 Rh8 14. Qg4 b4 15. Bg5 Be7 16. Na4 Bxg5 17. Nxg5 exf5 18. exf5 Bxh1 19. Re1+ Kf8 20. Kxh1 Rc8 21. Ne4 Rc6 22. Nexc5 Rch6 23. Qxd4 Nf3 24. Nxd7+ Qxd7 25. Qxb4+ Kg8 26. Rxf3 Rxh2+ 27. Kg1 Rh1+ 28. Kf2 R8h2+ 29. Kg3 Rh3+ 30. Kg2 R3h2+ 31. Kg3 Rh3+ 32. Kg2 Qc6 33. Qb8+ Kh7 34. Re4 Qxc2+ 35. Rf2 R1h2+ 36. Qxh2 Rxh2+ 37. Kxh2 Qxf2+ 38. Kh3 Qxf5+ 39. Kg3 g5 40. Nc3 Qf1 41. Ne2 f5 42. Re7+ Kg6 43. Re6+ Kf7 44. Re5 Kf6 45. d4 f4+ 46. Kg4 Qg2+ 0-1


[Site "https://www.chess.com"]

[Event "Titled Tuesday Blitz April 19 Late 2022"]
[White "Indjic, Aleksandar"]
[Black "Barrientos, Sergio E"]
[WhiteFideId "911925"]
[BlackFideId "4401824"]
[WhiteElo "2616"]
[BlackElo "2397"]
[Result "0-1"]
[Round "05"]
[TimeControl "180+1"]
[Date "2022.04.19"]
[WhiteClock "0:00:01"]
[BlackClock "0:00:09"]

1. d4 Nf6 2. c4 c5 3. d5 b5 4. Bg5 Ne4 5. Bf4 bxc4 6. f3 Nf6 7. e4 e6 8. Nc3 Bb7 9. Bxc4 exd5 10. exd5 d6 11. Qb3 Qb6 12. Qa4+ Nbd7 13. O-O-O Be7 14. Re1 Kf8 15. a3 Ne5 16. Bxe5 dxe5 17. Rxe5 Bd6 18. Re1 Rb8 19. Qc2 Bc8 20. Nge2 g6 21. g4 h5 22. h3 Kg7 23. g5 Nd7 24. Ne4 Be5 25. N2c3 Bf4+ 26. Kb1 Ne5 27. Na4 Qa5 28. Nexc5 Bf5 29. Re4 Bxe4 30. Qxe4 Nxc4 31. Qxf4 Nxa3+ 32. Ka2 Nc2 33. Qf6+ Kg8 34. d6 Nb4+ 35. Kb1 Nd3 36. d7 Nxc5 37. Nxc5 Qxc5 38. d8=Q+ Rxd8 39. Qxd8+ Kh7 40. Qf6 Qd5 41. Rc1 Re8 42. Qc3 Re2 43. Qc4 Qf5+ 44. Ka2 Re5 45. f4 Ra5+ 46. Kb3 Rb5+ 47. Ka4 a6 48. b4 Qd7 49. Qc6 Qd2 50. Qc4 Rxb4+ 51. Qxb4 Qxc1 52. Ka5 Qc6 53. h4 Kg8 54. Qb8+ Kh7 55. Qe5 Kg8 56. Kb4 Kf8 57. Qb8+ Ke7 58. Qa7+ Ke6 59. Qe3+ Kf5 60. Qe5+ Kg4 61. Ka3 Qe6 0-1


[Site "https://www.chess.com"]